 Dungeon Crawl Stone Soup version 0.27.1-4-g1640c2035a (webtiles) character file.

Game seed: 3760018417408182325

81 Stomo444 the Skirmisher (level 4, -2/37 HPs)
             Began as a Demonspawn Monk on Nov 16, 2021.
             Succumbed to Crazy Yiuf's poison
             ... on level 2 of the Dungeon.
             The game lasted 00:05:08 (3151 turns).

Stomo444 the Skirmisher (Demonspawn Monk)           Turns: 3151, Time: 00:05:08

Health: -2/37      AC:  3    Str: 12    XL:     4   Next: 19%
Magic:  4/4        EV: 12    Int: 11    God:
Gold:   118        SH:  0    Dex: 16    Spells: 3/3 levels left

rFire    . . .     SeeInvis .   g - +0 whip (drain)
rCold    . . .     Faith    .   (no shield)
rNeg     . . .     Spirit   .   f - +0 leather armour
rPois    .         Reflect  .   (helmet restricted)
rElec    .         Harm     .   (no cloak)
rCorr    .         Rampage  .   (no gloves)
Will     .....                  (no boots)
Stlth    ++........             (no amulet)
HPRegen  0.12/turn              (no ring)
MPRegen  0.09/turn              (no ring)

@: lethally poisoned (-2 -> -15)
A: antennae 1
a: no special abilities


You were on level 2 of the Dungeon.
You visited 1 branch of the dungeon, and saw 2 of its levels.

You collected 118 gold pieces.

Inventory:

Hand Weapons
 a - a +0 mace
 g - a +0 whip of draining (weapon)
Missiles
 h - 57 stones (quivered)
Armour
 b - a +0 robe
 f - a +0 leather armour (worn)
Scrolls
 d - 4 scrolls of identify
Potions
 c - a potion of degeneration
 e - a potion of curing {unknown}
 j - a potion of brilliance {unknown}
 k - a potion of cancellation {unknown}
 l - a potion of flight {unknown}


   Skills:
 + Level 3.6 Fighting
 + Level 3.3 Maces & Flails
 + Level 1.1 Armour
 + Level 3.3 Dodging
 - Level 1.7 Stealth


You had 3 spell levels left.
You didn't know any spells.
Your spell library contained the following spells:

 Spells                   Type           Power      Damage    Failure   Level
 Foxfire                  Conj/Fire      0%         2x1d4     41%         1
 Conjure Flame            Conj/Fire      0%         6-21      80%         3
 Inner Flame              Hex/Fire       0%         N/A       80%         3


Dungeon Overview and Level Annotations

Branches:
Dungeon (2/15)

Altars:

Annotations:
D:2 Crazy Yiuf


Innate Abilities, Weirdness & Mutations

You have a pair of small antennae on your head.


Message History

Could not explore, unopened runed door.
Could not explore, unopened runed door.
As you read the scroll labelled FERUNO OGUKK, it crumbles to dust.
You assume a fearsome visage.
Nothing appears to happen.
It was a scroll of fear.
Unknown command.
As you open the door, it creaks loudly!
Crazy Yiuf shouts!
Crazy Yiuf barely misses you.
There is an open translucent door here.
You hit Crazy Yiuf.
Crazy Yiuf is lightly wounded.
Crazy Yiuf barely misses you.
You closely miss Crazy Yiuf.
Crazy Yiuf is lightly wounded.
Crazy Yiuf hits you with a +2 quarterstaff of chaos.
You are poisoned.
You closely miss Crazy Yiuf.
Crazy Yiuf is lightly wounded.
You feel very sick.
Crazy Yiuf hits you with a +2 quarterstaff of chaos!
You feel very sick.
You feel sick.
You feel sick.
You feel sick.
You feel sick.
You feel sick.
Crazy Yiuf sings, "Trees, trees, trees, circus!"
You feel sick.
You feel sick.
You are no longer poisoned.
Crazy Yiuf screams, "Whippet testudinal chair!"
Crazy Yiuf laughs, "Key mumblescurry pizzabubble!"
Crazy Yiuf flaps his cloak.
Crazy Yiuf barely misses you.
Crazy Yiuf says, "Cards arm hog!"
Crazy Yiuf cries, "Paint!"
Crazy Yiuf hits you with a +2 quarterstaff of chaos!
* * * LOW HITPOINT WARNING * * *
You are lethally poisoned!
You die...

........#..#.........#.#.#
.....#######.........#.#.#
#....................#.#.#
####....#####...)....#.#.#
..##....#............#.#.#
#.##....#......#'###...#.#
..##....#......#.# #####.#
#########......#.# #.# #
#......#@### #.# #
####.......# #.# #
#....g..# #.# ## #.......#
#.# .# #.......# #.# .#
#[......# #.# ## #.......#
#.# ####### #.......# #.#
#.....#####.......# #.#


You could see Crazy Yiuf.

Vanquished Creatures
  Terence (D:2)
  An adder (D:2)
  2 worms (D:2)
  A dart slug (D:2)
  A ball python (D:1)
  3 bats
  3 endoplasms (D:1)
  A giant cockroach (D:1)
  6 goblins
  2 hobgoblins (D:2)
  A jackal (D:2)
  3 kobolds
  A quokka (D:1)
  4 frilled lizards
  9 rats
39 creatures vanquished.

Notes
Turn   | Place    | Note
-------+----------+-------------------------------------------
     0 | D:1      | Stomo444 the Demonspawn Monk began the quest for the Orb.
     0 | D:1      | Reached XP level 1. HP: 18/18 MP: 1/1
     2 | D:1      | Noticed an electric eel
   142 | D:1      | Gained mutation: You have a pair of small antennae on your
                  | head. [demonic ancestry]
   142 | D:1      | Reached XP level 2. HP: 19/24 MP: 2/2
  1281 | D:2      | Noticed Terence
  1822 | D:2      | Reached XP level 3. HP: 10/29 MP: 3/3
  2532 | D:2      | Found a runed translucent door.
  2533 | D:2      | Noticed Crazy Yiuf
  2861 | D:2      | Killed Terence
  2862 | D:2      | Reached skill level 1 in Armour
  2862 | D:2      | Reached XP level 4. HP: 35/37 MP: 4/4
  3150 | D:2      | HP: 1/37 [Crazy Yiuf (10)]
  3151 | D:2      | Succumbed to Crazy Yiuf's poison

Illustrated notes

Levels and vault maps discovered:
D:1:      arrival_aquarium_a, layout_loops_ring, serial_rivers,
          chequers_serial_rivers_small_b, chequers_serial_rivers_micro_c,
          chequers_serial_rivers_room_b, chequers_serial_rivers_micro_e,
          chequers_serial_rivers_micro_d, amethyst_killhole
D:2:      layout_basic, minmay_between, uniq_crazy_yiuf_cottage, uniq_terence

Skill      XL: |  1  2  3 |
---------------+----------+-----
Maces & Flails | 3 |  3.3
Dodging        | 3 |  3.3
Armour         | 1 |  1.1
Fighting       | |  3.6
Stealth        | |  1.7

Action                   |  1- 3 |  4- 6 || total
-------------------------+-------+-------++-------
Melee: Mace              |    55 |       ||    55
       Whip              |    70 |     8 ||    78
  Use: Scroll            |     2 |     1 ||     3
 Stab: Sleeping          |     6 |       ||     6
Armor: Robe              |    12 |       ||    12
       Leather armour    |    16 |       ||    16
Dodge: Dodged            |    68 |     3 ||    71
